 Dungeon Crawl Stone Soup version 0.20-a0-32-gb8e7c72 (webtiles) character file.

35 yukitheduck the Stinger (level 3, -1/28 HPs)
             Began as a Naga Venom Mage on Nov 8, 2016.
             Slain by a worm (5 damage)
             ... on level 2 of the Dungeon.
             The game lasted 00:13:24 (1229 turns).

yukitheduck the Stinger (Naga Venom Mage)           Turns: 1229, Time: 00:13:25

Health: -1/28      AC:  3    Str: 10    XL:     3   Next: 35%
Magic:  4/6        EV: 10    Int: 16    God:
Gold:   85         SH:  0    Dex: 14    Spells: 2 memorised, 2 levels left

rFire  . . .     SeeInvis +     i - +0 short sword
rCold  . . .     Gourm    .     a - +0 robe
rNeg   . . .     Faith    .     (no shield)
rPois  +         Spirit   .     e - +0 helmet
rElec  .         Reflect  .     (no cloak)
rCorr  .         Harm     .     (no gloves)
MR     .....                    (no barding)
Stlth  ++........               (no amulet)
                                (no ring)
                                n - +3 ring of dexterity

@: very slow
A: see invisible, deformed body, poison resistance, slowness 2, slow metabolism
1, spit poison 1, AC +1
a: Spit Poison


You were on level 2 of the Dungeon.
You were hungry.

You visited 1 branch of the dungeon, and saw 2 of its levels.

You collected 85 gold pieces.

Inventory:

Hand Weapons
 i - a +0 short sword (weapon)
Armour
 a - a +0 robe (worn)
 e - a +0 helmet (worn)
Jewellery
 n - a +3 ring of dexterity (left hand)
Scrolls
 f - 2 scrolls of enchant armour {unknown}
 h - a scroll of identify {unknown}
 k - a scroll of remove curse {unknown}
Potions
 j - 2 potions of curing {unknown}
 m - a potion of degeneration {unknown}
Books
 b - a Young Poisoner's Handbook

   Spells                             Type                      Level
   a - Sting                          Conjuration/Poison           1
   b - Mephitic Cloud                 Conjuration/Poison/Air       3
   c - Olgreb's Toxic Radiance        Poison                       4
   d - Alistair's Intoxication        Transmutation/Poison         5
   e - Venom Bolt                     Conjuration/Poison           5
Comestibles
 c - a bread ration
 d - a slice of pizza
 g - a meat ration
 l - 2 chunks of flesh


   Skills:
 - Level 1.5 Dodging
 - Level 3.0 Stealth
 + Level 2.0 Spellcasting
 - Level 2.0 Conjurations
 - Level 6.0 Poison Magic


You had 2 spell levels left.
You knew the following spells:

 Your Spells              Type           Power        Failure   Level  Hunger
a - Sting                 Conj/Pois      ##..         4%          1    #......
b - Mephitic Cloud        Conj/Pois/Air  ##......     21%         3    ###....


Dungeon Overview and Level Annotations

Branches:
Dungeon (2/15)

Altars:


Innate Abilities, Weirdness & Mutations

You cannot wear boots.
Your serpentine skin is tough. (AC +1)
You have supernaturally acute eyesight. (SInv)
Armour fits poorly on your strangely shaped body.
Your system is resistant to poisons. (rPois)
You cover ground very slowly.
You have a slow metabolism.
You can spit poison.


Message History

The worm is severely wounded.
You hit the worm but do no damage.
The worm is severely wounded.
The worm bites you.
You hit the worm.
The worm is severely wounded.
The worm bites you!
* * * LOW HITPOINT WARNING * * *
You barely miss the worm.
The worm is severely wounded.
You have got your breath back.
You hit the worm.
The worm is severely wounded.
The hobgoblin closely misses you. The worm barely misses you.
You hit the worm but do no damage.
The worm is severely wounded.
The hobgoblin hits you with a club.
* * * LOW HITPOINT WARNING * * *
The worm bites you.
You die...

..####.......##
......).......)..
.........###.....
.........# .....
.........# .....
.........# ....
.........## ...
.........g#
........w@#
#######...# #...#
#...# #...# #...#
#...# #...#


You could see a worm and a hobgoblin.

Vanquished Creatures
  A leopard gecko (D:1)
  4 giant cockroaches
  3 goblins
  3 hobgoblins
  9 bats
  4 frilled lizards
  2 kobolds (D:1)
  10 rats
36 creatures vanquished.

Notes
Turn   | Place    | Note
-------+----------+-------------------------------------------
     0 | D:1      | yukitheduck the Naga Venom Mage began the quest for the Orb.
     0 | D:1      | Reached XP level 1. HP: 15/15 MP: 3/3
   156 | D:1      | Reached XP level 2. HP: 15/22 MP: 1/5
   240 | D:1      | Reached skill level 6 in Poison Magic
   444 | D:1      | Reached skill level 1 in Conjurations
   990 | D:2      | Reached XP level 3. HP: 27/28 MP: 0/6
  1012 | D:2      | Learned a level 3 spell: Mephitic Cloud
  1229 | D:2      | Slain by a worm

Vault maps used:
D:1:      erik_arrival_blinker_ship, minmay_pentomino_s4
D:2:      grunt_gozag_breadcrumbs

Skill      XL: |  1  2  3 |
---------------+----------+-----
Poison Magic   | 6 |  6.0
Conjurations   | 1 2 |  2.0
Dodging        | |  1.5
Stealth        | |  3.0
Spellcasting   | |  2.0

Action                   || total
-------------------------++-------
Melee: Unarmed           ||     7
       Short sword       ||    17
 Cast: Sting             ||    57
 Abil: Spit Poison       ||     2
  Eat: Chunk             ||     1
Armor: Robe              ||    14
Dodge: Dodged            ||    36
